 Dungeon Crawl Stone Soup version 0.30-a0-297-g0ec75d9ef4 (webtiles) character file.

Game seed: 11001261492606606112

490 ytrimaz the Covert (level 6, -2/28 HPs)
             Began as a Vampire Enchanter on Oct 18, 2022.
             Slain by an ice beast (4 damage)
             ... on level 5 of the Dungeon on Oct 19, 2022.
             The game lasted 00:09:52 (4765 turns).

ytrimaz the Covert (Vampire Enchanter)              Turns: 4765, Time: 00:09:53

Health: -2/28      AC:  4    Str:  5 (7)  XL:     6   Next: 90%
Magic:  8/9        EV: 12    Int: 16 (17) God:
Gold:   400        SH:  0    Dex: 16 (17) Spells: 3/9 levels left

rFire   . . .      SeeInvis +    a - +1 dagger
rCold   + + .      Faith    .    (no shield)
rNeg    + + +      Spirit   .    b - +1 robe
rPois   ∞          Reflect  .    (no helmet)
rElec   .          Harm     .    o - scarf {shadows}
rCorr   .          Rampage  .    (no gloves)
Will    .....                    c - +0 pair of boots
Stlth   ++++++....               (no amulet)
HPRegen 0.00/turn                (no ring)
MPRegen 0.11/turn                (no ring)

@: brilliant, bloodless, inhibited regen
A: bloodless, fangs 3, see invisible, vampiric 2, [frail 1]
a: Bat Form, Revivify


You were on level 5 of the Dungeon.
You visited 1 branch of the dungeon, and saw 5 of its levels.
You also visited: Ossuary.

You collected 400 gold pieces.


Innate Abilities, Weirdness & Mutations

You do not regenerate when monsters are visible.
You are frail without blood (-20% HP).
You can heal yourself when you bite living creatures.
You are immune to poison.
You have razor-sharp teeth.
You have supernaturally acute eyesight. (SInv)
You are afflicted with vampirism and can become a bat while bloodless.
[You are frail. (-10% HP)]


   Skills:
 - Level 3.3 Short Blades
 - Level 2.1 Dodging
 + Level 9.6 Stealth
 - Level 2.0 Spellcasting
 - Level 7.0 Hexes


You had 3 spell levels left.
You knew the following spells:

 Your Spells              Type           Power      Damage    Failure   Level
a - Confusing Touch       Hex            36%        N/A       3%          3
b - Tukima's Dance        Hex            36%        N/A       3%          3

Your spell library contained the following spells:

 Spells                   Type           Power      Damage    Failure   Level
 Ensorcelled Hibernation  Hex/Ice        38%        N/A       8%          2
 Dazzling Flash           Conj/Hex       38%        N/A       14%         3
 Frozen Ramparts          Ice            4%         1d1       52%         3
 Vhi's Electric Charge    Tloc/Air       4%         N/A       52%         3
 Ice Form                 Ice/Tmut       2%         N/A       90%         4
 Summon Ice Beast         Ice/Summ       2%         N/A       90%         4
 Arcjolt                  Conj/Air       1%         1d11      99%         5
 Maxwell's Capacitive Co  Air            1%         ∞         100%        8

Inventory:

Hand Weapons
 a - a +1 dagger (weapon)
Armour
 b - a +1 robe (worn)
 c - a +0 pair of boots (worn)
   (You found it on level 4 of the Dungeon)
 o - a scarf of shadows (worn)
   (You found it on level 3 of the Dungeon)
Scrolls
 f - 2 scrolls of magic mapping
 j - 2 scrolls of immolation
 l - 3 scrolls of blinking
 n - a scroll of teleportation
Potions
 e - 4 potions of curing
 g - a potion of brilliance
 i - a potion of flight
 k - 2 potions of mutation
 m - 2 potions of resistance {unknown}
 p - a potion of haste {unknown}
 r - a potion of lignification

Dungeon Overview and Level Annotations

Branches:
Dungeon (5/15) Zot: 25714 Ossuary (visited)
 Temple: D:4-7

Altars:
Dithmenos
Gozag
Kikubaaqudgha
Nemelex Xobeh

Shops:
D:2 [

Annotations:
D:5 Blork the orc

####### #.....#
#.....# ..
#.....#####....
#.....o.@YlS...
#..†..#####....
#...).# ..
#.#####.###
#.....#...#
#<†...##
####...# ##..#
..#


You could see Blork the orc (fast, confused), an ice beast (confused), an iguana
and an adder.


Message History

You continue bloodletting. x2
The worm bites you.
You continue bloodletting.
The worm closely misses you.
You become bloodless. 😮 HP[-11]
You now have 28 max hp (-8).
You take 11 damage, and now have 16/28 hp.
MASSIVE DAMAGE!! (PAUSE) Unknown command.
It was a potion of brilliance.
You feel clever all of a sudden.
An iguana comes into view.
Okay, then.
Casting: Confusing Touch (dangerous; 3% risk of failure)
Confirm with . or Enter, or press ? or * to list all spells.
Aiming: Tukima's Dance (dangerous; 3% risk of failure)
Press: ? - help, Shift-Dir - straight line, f - ice beast
Aim: an ice beast (not susceptible)
Okay, then.
Casting: Tukima's Dance (dangerous; 3% risk of failure)
Confirm with . or Enter, or press ? or * to list all spells.
You feel a surge of power!
Your hands begin to glow red.
The iguana hisses angrily.
The worm bites you!
* * * LOW HITPOINT WARNING * * *
😨 HP[-7] MP[-2]
You take 7 damage, and now have 9/28 hp.
MASSIVE DAMAGE!! (PAUSE)
You lost 2 mp, and now have 7/9 mp.
You hit the worm but do no damage.
The worm appears confused.
You strike the helpless worm from behind!
You impale the worm!!
You kill the worm!
You hit the ice beast but do no damage.
The ice beast hits you but does no damage.
Casting: Confusing Touch (dangerous; 3% risk of failure)
Confirm with . or Enter, or press ? or * to list all spells.
You feel a surge of power!
Your hands begin to glow red.
Blork the orc comes into view.
He is wielding a +0 mace.
The ice beast barely misses you. 😨 MP[-2]
You lost 2 mp, and now have 5/9 mp.
Blork the orc shouts!
You hit the ice beast but do no damage.
The ice beast appears confused.
An adder comes into view.
The ice beast hits you.
* * * LOW HITPOINT WARNING * * *
The ice beast freezes you. You resist.
* * * LOW HITPOINT WARNING * * *
The ice beast hits itself but does no damage. 😱 HP[-3]
You take 3 damage, and now have 6/28 hp.
You barely miss the ice beast.
Blork the orc casts a spell.
Blork the orc seems to speed up.
You feel much better.
The adder hisses angrily.
Blork the orc miscasts a cantrip.
The ice beast hits you. The ice beast freezes you. You resist.
The ice beast hits itself but does no damage. 😕 HP[+18]
You regained 18 hp, and now have 24/28 hp.
It was a potion of magic.
Magic courses through your body.
Blork the orc points at you and mumbles some strange words.
The magic dart hits you. 😮 HP[-5] MP[+4]
You take 5 damage, and now have 19/28 hp.
Your mp is fully restored (9).
You hit Blork the orc. Your bite misses Blork the orc.
Blork the orc barely misses you.
Casting: Confusing Touch (dangerous; 3% risk of failure)
Confirm with . or Enter, or press ? or * to list all spells.
You feel a surge of power!
Your hands begin to glow red.
The ice beast barely misses the iguana.
Blork the orc gestures at you while chanting.
The puff of flame misses you.
The puff of flame hits the ice beast!
The ice beast melts! 😮 MP[-2]
You lost 2 mp, and now have 7/9 mp.
You hit Blork the orc but do no damage.
Blork the orc appears confused.
The ice beast closely misses the iguana.
Blork the orc cries.
Blork the orc barely misses you. 😮 MP[+1]
You hit Blork the orc.
The ice beast hits you but does no damage.
You barely miss Blork the orc. Blork the orc hits you with a +0 mace!
* * * LOW HITPOINT WARNING * * *
The ice beast hits you.
* * * LOW HITPOINT WARNING * * *
The ice beast freezes you. You resist.
* * * LOW HITPOINT WARNING * * *
😱 HP[-16]
You take 16 damage, and now have 3/28 hp.
MASSIVE DAMAGE!! (PAUSE)
You hit Blork the orc. The ice beast hits you.
* * * LOW HITPOINT WARNING * * *
The ice beast freezes you. You resist.
You die...

Skill      XL: |  1  2  3  4  5  6 |
---------------+-------------------+-----
Stealth        | 5 6 7 9 |  9.6
Short Blades   | 2 3 |  3.3
Hexes          | 5 6 7 |  7.0
Dodging        | |  2.1
Spellcasting   | |  2.0

Action                   |  1- 3 |  4- 6 || total
-------------------------+-------+-------++-------
Melee: Dagger            |   112 |   255 ||   367
       Bite              |    15 |    25 ||    40
       Unarmed           |    19 |       ||    19
       Punch             |       |     1 ||     1
 Cast: Confusing Touch   |     1 |     7 ||     8
 Abil: Exsanguinate      |     1 |     1 ||     2
       End Transformatio |     1 |     1 ||     2
       Bat Form          |     1 |     1 ||     2
       Revivify          |       |     1 ||     1
  Use: Potion            |     1 |    10 ||    11
       Scroll            |     1 |    10 ||    11
 Stab: Sleeping          |    17 |    26 ||    43
       Invisible         |     1 |     7 ||     8
       Confused          |       |     2 ||     2
Armor: Robe              |    13 |    92 ||   105
       Skin              |       |     3 ||     3
Dodge: Dodged            |    91 |   193 ||   284

Levels and vault maps discovered:
D:1:      matt_arrival_los_fun, layout_loops_ring, minmay_shallow_snake_nest
D:2:      layout_rooms, serial_shops, shop, basic_altar
D:3:      layout_basic, kennysheep_generic_room_6
D:4:      layout_basic, lemuel_tele_altar, minmay_overflow_temple_star_quad,
          nicolae_ossuary_entry_ruins, minmay_misc_feat_encased, minivault_1,
          goddamned_bats
D:5:      layout_rooms, uniq_ijyb, uniq_prince_ribbit1, uniq_blork_the_orc

Notes
Turn   | Place    | Note
-------+----------+-------------------------------------------
     0 | D:1      | ytrimaz the Vampire Enchanter began the quest for the Orb.
     0 | D:1      | Reached XP level 1. HP: 13/13 MP: 3/3
     0 | D:1      | magus.rc [v1.9.6]
   164 | D:1      | Reached skill level 5 in Stealth
   164 | D:1      | Reached XP level 2. HP: 8/19 MP: 5/5
   328 | D:1      | Reached skill level 2 in Short Blades
   449 | D:1      | You add the spells Vhi's Electric Charge, Arcjolt and
                  | Maxwell's Capacitive Coupling to your library.
   801 | D:1      | Gained mutation: You are afflicted with vampirism and can
                  | become a bat while bloodless. [Vampire growth]
   801 | D:1      | Reached XP level 3. HP: 19/19 MP: 6/6
  1363 | D:2      | Found a sparkling altar of Nemelex Xobeh.
  1366 | D:2      | Found Ficlipiu's Antique Armour Shop.
  1598 | D:2      | Reached skill level 6 in Stealth
  1648 | D:2      | Learned a level 3 spell: Confusing Touch
  1712 | D:2      | HP: 4/19 [kobold/+0 dagger (1)]
  1786 | D:2      | Learned a level 3 spell: Tukima's Dance
  1817 | D:2      | Reached skill level 3 in Short Blades
  1857 | D:2      | Reached XP level 4. HP: 24/24 MP: 7/7
  2154 | D:3      | Identified the +2 chain mail of Daisies {rF- Int+4 Dex+4}
  2789 | D:3      | magus.rc [v1.9.6]
  2839 | D:4      | You pick up a book of Rime and begin reading...
  2839 | D:4      | You add the spells Frozen Ramparts, Ice Form and Summon Ice
                  | Beast to your library.
  2872 | D:4      | Reached skill level 5 in Hexes
  2872 | D:4      | Reached XP level 5. HP: 21/28 MP: 5/8
  2918 | D:4      | Reached skill level 7 in Stealth
  2929 | D:4      | Found a sand-covered staircase.
  2939 | Ossuary  | Entered an ossuary
  2957 | Ossuary  | HP: 6/28 [mummy (11)]
  2980 | Ossuary  | Reached skill level 6 in Hexes
  2984 | Ossuary  | HP: 7/28 [mummy (17)]
  3163 | Ossuary  | Reached XP level 6. HP: 36/36 MP: 9/9
  3186 | Ossuary  | Reached skill level 8 in Stealth
  3653 | D:4      | Found an ancient bone altar of Kikubaaqudgha.
  3770 | D:4      | Found a shadowy altar of Dithmenos.
  3775 | D:4      | Found an opulent altar of Gozag.
  4325 | D:4      | Reached skill level 7 in Hexes
  4383 | D:4      | HP: 9/36 [fire bat (5)]
  4453 | D:4      | Reached skill level 9 in Stealth
  4664 | D:5      | Entered Level 5 of the Dungeon
  4676 | D:5      | Noticed an ice beast
  4755 | D:5      | Noticed Blork the orc
  4756 | D:5      | HP: 7/28 [ice beast (2)]
  4764 | D:5      | HP: 6/28 [ice beast (3)]
  4765 | D:5      | HP: 2/28 [ice beast (1)]
  4765 | D:5      | Slain by an ice beast

Vanquished Creatures
  A vampire bat (D:4)
  A jelly (D:4)
  2 hounds
  An iguana (D:4)
  7 mummies (Ossuary)
  4 adders
  3 worms
  6 dart slugs
  3 fire bats (D:4)
  2 orcs
  2 spectral bats (D:4)
  16 bats
  3 bat skeletons (D:4)
  A bat zombie (D:4)
  8 endoplasms
  2 giant cockroaches (D:1)
  3 goblins
  8 hobgoblins
  7 jackals
  3 quokkas
  10 ball pythons
  A bat simulacrum (D:4)
  4 frilled lizards
  2 hobgoblin zombies (Ossuary)
  6 kobolds
  3 kobold zombies (Ossuary)
  An orc zombie (Ossuary)
  7 rats (D:3)
117 creatures vanquished.

Vanquished Creatures (collateral kills)
  A mummy (Ossuary)
  2 kobold zombies (Ossuary)
3 creatures vanquished.

Grand Total: 120 creatures vanquished

Table legend:
 A = Non-vault XP
 B = Vault XP
 C = Vault XP percentage of total XP
 D = Non-vault monster count
 E = Vault monster count
 F = Vault count percentage of total count
                 A         B        C        D         E       F
            +---------+---------+-------+---------+---------+-------
      Total |     360 |     341 |  48.6 |      80 |      40 |  33.3
            +---------+---------+-------+---------+---------+-------
        D:1 |      39 |       3 |   7.1 |      21 |       2 |   8.7
        D:2 |      77 |       0 |   0.0 |      20 |       0 |   0.0
        D:3 |      37 |       3 |   7.5 |      21 |       2 |   8.7
        D:4 |     152 |     180 |  54.2 |      12 |      20 |  62.5
        D:5 |      55 |       0 |   0.0 |       6 |       0 |   0.0
    Ossuary |       0 |     155 | 100.0 |       0 |      16 | 100.0
            +---------+---------+-------+---------+---------+-------

Illustrated notes

Table legend:
 A = Kills in this place as a percentage of kills in entire the game.
 B = Kills by you in this place as a percentage of kills by you in the entire game.
 C = Kills by friends in this place as a percentage of kills by friends in the entire game.
 D = Other kills in this place as a percentage of other kills in the entire game.
 E = Experience gained in this place as a percentage of experience gained in the entire game.
 F = Experience gained in this place divided by the number of levels of this place that you have seen.
                   A       B       C       D       E      F
               +-------+-------+-------+-------+-------+----------------------
         Total | 100.0 | 100.0 | 100.0 |   N/A | 100.0 | 116.8
       Dungeon |  86.7 |  88.9 |   0.0 |   N/A |  77.9 | 109.2
       Ossuary |  13.3 |  11.1 | 100.0 |   N/A |  22.1 | 155.0
               +-------+-------+-------+-------+-------+----------------------

Table legend: (Time is in decaauts)
 A = Elapsed time spent in this place.
 B = Non-inter-level travel time spent in this place.
 C = Inter-level travel time spent in this place.
 D = Time resting spent in this place.
 E = Time spent auto-exploring this place.
 F = Levels seen in this place.
 G = Mean time per level.
                   A        B        C        D        E       F      G
               +--------+--------+--------+--------+--------+-----+--------+
         Total |   4691 |   4504 |    187 |    517 |   2913 |   6 |  781.8 |
       Dungeon |   4284 |   4097 |    187 |    369 |   2796 |   5 |  856.8 |
       Ossuary |    406 |    406 |      0 |    148 |    117 |   1 |  406.0 |
               +--------+--------+--------+--------+--------+-----+--------+

Top non-repeatable levels by time:
     D:4: 1434 daAuts
     D:1: 1094 daAuts
     D:3: 904 daAuts
     D:2: 758 daAuts
 Ossuary: 406 daAuts
     D:5: 92 daAuts
